 Dungeon Crawl Stone Soup version 0.28.0-45-g0d030f2227 (webtiles) character file.

Game seed: 624696055469892924

3357 Ablot the Slicer (level 10, -8/81 HPs)
             Began as a Gnoll Chaos Knight on Apr 19, 2022.
             Was a Plaything of Xom.
             Mangled by a two-headed ogre
             ... wielding a +0 giant club
              (20 damage)
             ... on level 7 of the Dungeon.
             The game lasted 00:12:59 (10211 turns).

Ablot the Slicer (Gnoll Chaos Knight)              Turns: 10211, Time: 00:13:01

Health: -8/81      AC: 17    Str: 14      XL:     10   Next: 3%
Magic:  17/17      EV: 13    Int: 14      God:    Xom [...*..]
Gold:   491        SH:  0    Dex: 10 (11) Spells: 14/19 levels left

rFire   + . .      SeeInvis .   U - +3 quarterstaff (chaos)
rCold   . . .      Faith    .   (shield currently unavailable)
rNeg    . . .      Spirit   .   T - +3 leather armour {rF+}
rPois   .          Reflect  .   F - +0 helmet
rElec   .          Harm     .   V - +2 cloak
rCorr   .          Rampage  .   (no gloves)
Will    +....                   (no boots)
Stlth   ++........              E - amulet of regeneration
HPRegen 1.03/turn               l - ring of wizardry
MPRegen 0.15/turn               n - +4 ring of protection

@: no status effects
A: fangs 1, strong nose, distributed training, iridescent scales 1,
deterioration 1, strong-willed 1, sense surroundings 1
a: Renounce Religion


You were on level 7 of the Dungeon.
You worshipped Xom.
You were a favourite toy of Xom.
You visited 1 branch of the dungeon, and saw 7 of its levels.
You also visited: Sewer.

You collected 491 gold pieces.

Inventory:

Hand Weapons
 a - a +0 short sword of chaos
 A - a +1 glaive of chaos
 U - a +3 quarterstaff of chaos (weapon)
Missiles
 c - 206 stones
 d - 203 arrows
 g - 6 javelins
 i - 52 sling bullets
 p - 5 atropa-tipped darts
 q - 106 bolts
 z - a curare-tipped dart
 D - 4 datura-tipped darts
 I - a throwing net
 N - 23 poisoned darts (quivered)
 Q - 3 boomerangs
Armour
 m - a scarf of invisibility
 F - a +0 helmet (worn)
 T - a +3 leather armour of fire resistance (worn)
 V - a +2 cloak (worn)
Jewellery
 l - a ring of wizardry (left hand)
 n - a +4 ring of protection (right hand)
 E - an amulet of regeneration (around neck)
 L - a ring of wizardry
Wands
 b - a wand of iceblast (9)
 u - a wand of charming (5)
 R - a wand of paralysis (6)
 S - a wand of mindburst (17)
Scrolls
 e - 4 scrolls of teleportation {unknown}
 f - 3 scrolls of fear {unknown}
 h - 5 scrolls of amnesia {unknown}
 j - 5 scrolls of identify {unknown}
 k - 2 scrolls of enchant armour {unknown}
 s - 2 scrolls of blinking {unknown}
 w - a scroll of magic mapping {unknown}
 y - a scroll of fog {unknown}
 B - a scroll of brand weapon {unknown}
 G - a scroll of enchant weapon {unknown}
 J - a scroll of holy word {unknown}
Potions
 o - 2 potions of heal wounds
 r - a potion of attraction {unknown}
 t - 2 potions of brilliance {unknown}
 v - 5 potions of might
 x - a potion of haste {unknown}
 C - 6 potions of curing {unknown}
 M - 2 potions of mutation {unknown}
 O - 2 potions of flight {unknown}
 P - a potion of berserk rage {unknown}


   Skills:
 + Level 8.3 Fighting
 + Level 8.3 Short Blades
 + Level 5.0 Long Blades
 + Level 5.0 Axes
 + Level 5.0 Maces & Flails
 + Level 5.0 Polearms
 + Level 5.0 Staves
 + Level 5.0 Slings
 + Level 5.0 Bows
 + Level 5.0 Crossbows
 + Level 5.0 Throwing
 + Level 6.9 Armour
 + Level 5.7 Dodging
 + Level 5.0 Stealth
 + Level 5.0 Shields
 + Level 5.0 Unarmed Combat
 + Level 5.0 Spellcasting
 + Level 4.1 Conjurations
 + Level 4.1 Hexes
 + Level 4.1 Summonings
 + Level 4.1 Necromancy
 + Level 4.1 Translocations
 + Level 4.1 Transmutations
 + Level 4.1 Fire Magic
 + Level 4.1 Ice Magic
 + Level 4.1 Air Magic
 + Level 4.1 Earth Magic
 + Level 4.1 Poison Magic
 + Level 5.5 Invocations
 + Level 5.0 Evocations


You had 14 spell levels left.
You knew the following spells:

 Your Spells              Type           Power      Damage    Failure   Level
a - Wereblood             Tmut           15%        N/A       2%          2
b - Beastly Appendage     Tmut           30%        N/A       1%          1
c - Apportation           Tloc           30%        N/A       1%          1
d - Animate Skeleton      Necr           30%        N/A       1%          1

Your spell library contained the following spells:

 Spells                   Type           Power      Damage    Failure   Level
 Pain                     Necr           60%        1d7       1%          1
 Shock                    Conj/Air       60%        1d6       1%          1
 Summon Small Mammal      Summ           60%        N/A       1%          1
 Poisonous Vapours        Pois/Air       30%        N/A       2%          2
 Dazzling Flash           Conj/Hex       30%        N/A       4%          3
 Spider Form              Tmut/Pois      15%        N/A       4%          3
 Swiftness                Air            15%        N/A       4%          3
 Vampiric Draining        Necr           15%        2d7       4%          3
 Airstrike                Air            7%         N/A       16%         4
 Fulminant Prism          Conj/Hex       7%         3d7       16%         4
 Ice Form                 Ice/Tmut       15%        N/A       16%         4
 Iskenderun's Mystic Bla  Conj/Tloc      15%        2d5       16%         4
 Agony                    Necr           15%        N/A       38%         5
 Lee's Rapid Deconstruct  Erth           7%         3d8*      38%         5
 Silence                  Hex/Air        7%         N/A       38%         5


Dungeon Overview and Level Annotations

Branches:
Dungeon (7/15)             Temple (0/1) D:4           Sewer (visited)

Altars:
Fedhas
Nemelex Xobeh
Yredelemnul


Innate Abilities, Weirdness & Mutations

You have very sharp teeth.
Your uncanny sense of smell can sniff out nearby items.
Your experience applies equally to all skills.
You are partially covered in iridescent scales. (AC +2)
Your body sometimes deteriorates upon taking damage.
You are strong-willed. (Will+)
You passively map a small area around you.


Message History

The killer bee moves out of view.
The killer bee buzzes angrily.
You thump the killer bee! You burn the killer bee.
You kill the killer bee!
No target in view!
No target in view!
No target in view!
e - 4 scrolls labelled WENIUT XIGHO (gained 1)
Found a helmet.
You see here a +0 helmet.
F - a +0 helmet You start putting on your armour.
You continue putting on your +0 helmet. x4
You finish putting on your +0 helmet.
Unknown command.
A two-headed ogre comes into view.
It is wielding a +0 giant club and a +0 giant spiked club.
The two-headed ogre shouts in stereo!
The two-headed ogre hits you with a +0 giant club!
The two-headed ogre hits you with a +0 giant spiked club.
You hit the two-headed ogre.
The two-headed ogre is poisoned.
The two-headed ogre is lightly wounded.
The two-headed ogre hits you with a +0 giant club!
The two-headed ogre hits you with a +0 giant spiked club!!
You are too injured to fight recklessly!
You are too injured to fight recklessly!
You are too injured to fight recklessly!
You hit the two-headed ogre.
The two-headed ogre seems to speed up.
The two-headed ogre is moderately wounded.
The two-headed ogre barely misses you.
The two-headed ogre hits you but does no damage.
You hit the two-headed ogre.
You feel better.
The two-headed ogre is moderately wounded.
The two-headed ogre hits you with a +0 giant club!
The two-headed ogre closely misses you.
You closely miss the two-headed ogre.
The two-headed ogre is moderately wounded.
The two-headed ogre hits you with a +0 giant club!
* * * LOW HITPOINT WARNING * * *
The two-headed ogre hits you with a +0 giant spiked club!!
You die...
Xom titters!

# #..........#
#..........#
#..........#
#......#########
#####.##.......##
#.#.♣##+##♣.#
#.#.# , #.# #.#.#
* #.# #.#@# , #.#
#.#O#, * #.#
#.#.# , #.#
#.#.♣#####♣.#
#.##.......##
#..####.####
##......#
########


You could see a two-headed ogre (fast, very poisoned).

Vanquished Creatures
  Prince Ribbit (D:7)
  A jumping spider (shapeshifter) (D:7)
  Eustachio (D:5)
  Edmund (D:5)
  2 water moccasins (D:7)
  An orc warrior (D:7)
  An ice beast (D:6)
  A hornet zombie (D:7)
  A necrophage (D:5)
  A centaur (D:5)
  2 kobold brigands
  A bullfrog (D:6)
  2 wyvern zombies (D:7)
  3 scorpions
  A killer bee (D:7)
  A wight (D:7)
  A centaur zombie (D:6)
  A centaur skeleton (D:7)
  3 hounds
  2 jellies
  Crazy Yiuf (D:6)
  An orc priest (D:4)
  Jessica (D:3)
  Ijyb (D:5)
  2 iguanas
  3 orc wizards
  A howler monkey skeleton (D:7)
  5 adders
  3 gnolls (D:5)
  5 river rats
  5 worms
  A dart slug (D:1)
  21 orcs
  5 bats
  5 endoplasms
  3 giant cockroaches
  4 hobgoblins
  3 jackals (D:2)
  2 quokkas
  12 ball pythons
  2 frilled lizards (D:2)
  7 goblins
  16 kobolds
  36 rats
173 creatures vanquished.

Vanquished Creatures (collateral kills)
  Pikel (D:7)
  Sigmund (D:6)
  A sky beast (D:7)
  A centaur (D:7)
  A lemure (D:7)
5 creatures vanquished.

Vanquished Creatures (others)
  9 plants (D:1)
9 creatures vanquished.

Grand Total: 187 creatures vanquished

Notes
Turn   | Place    | Note
-------+----------+-------------------------------------------
     0 | D:1      | Ablot the Gnoll Chaos Knight began the quest for the Orb.
     0 | D:1      | Reached XP level 1. HP: 23/23 MP: 1/1
    55 | D:1      | XOM: potion effect (experience)
    55 | D:1      | Reached skill level 5 in Armour
    55 | D:1      | Reached skill level 1 in Conjurations
    55 | D:1      | Reached skill level 1 in Hexes
    55 | D:1      | Reached skill level 1 in Summonings
    55 | D:1      | Reached skill level 1 in Necromancy
    55 | D:1      | Reached skill level 1 in Translocations
    55 | D:1      | Reached skill level 1 in Transmutations
    55 | D:1      | Reached skill level 1 in Fire Magic
    55 | D:1      | Reached skill level 1 in Ice Magic
    55 | D:1      | Reached skill level 1 in Air Magic
    55 | D:1      | Reached skill level 1 in Earth Magic
    55 | D:1      | Reached skill level 1 in Poison Magic
    55 | D:1      | Reached XP level 2. HP: 31/31 MP: 1/5
    66 | D:1      | Reached XP level 3. HP: 36/36 MP: 1/6
   285 | D:1      | XOM: cloud trail
   310 | D:1      | XOM: silly message
   419 | D:1      | Found a faded altar of an unknown god.
   481 | D:1      | XOM: summons 2 hostile demons
   750 | D:2      | XOM: summons 1 hostile demon
   864 | D:2      | XOM: summons 3 hostile shadow creatures
   876 | D:2      | XOM: summons 2 hostile shadow creatures
   896 | D:2      | Found a sparkling altar of Nemelex Xobeh.
  1169 | D:2      | Reached XP level 4. HP: 39/43 MP: 7/7
  1610 | D:3      | Noticed Jessica
  1613 | D:3      | XOM: god gift: wand of charming (5)
  1615 | D:3      | XOM: stat loss: -1 Int (10/11)
  1619 | D:3      | XOM: 2-stop teleportation journey
  1634 | D:3      | Killed Jessica
  1679 | D:3      | Learned a level 2 spell: Wereblood
  1681 | D:3      | Learned a level 1 spell: Beastly Appendage
  1836 | D:3      | XOM: smoke on damage
  1845 | D:3      | XOM: summons 1 hostile shadow creature
  1874 | D:3      | Reached XP level 5. HP: 29/48 MP: 8/8
  1912 | D:3      | XOM: butterfly on damage
  1955 | D:3      | Found a glowing drain.
  1972 | Sewer    | Entered a sewer
  1982 | Sewer    | XOM: divination: magic mapping
  2178 | Sewer    | Noticed a kobold brigand
  2178 | Sewer    | XOM: 6-stop teleportation journey
  2181 | Sewer    | Killed a kobold brigand
  2182 | Sewer    | Reached XP level 6. HP: 55/55 MP: 8/10
  2294 | Sewer    | XOM: noise
  3172 | Sewer    | XOM: god gift: glowing glaive {god gift}
  3528 | Sewer    | XOM: cloud trail
  5191 | Sewer    | XOM: god gift: 52 gold pieces
  5609 | Sewer    | XOM is BORED!
  5609 | Sewer    | XOM: give mutation
  5609 | Sewer    | Gained mutation: You are dopey. (Int -2) [Xom's mischief]
  5809 | Sewer    | XOM: give mutations
  5809 | Sewer    | Gained mutation: You possess an exceptional clarity of
                  | mind. [Xom's grace]
  5809 | Sewer    | Lost mutation: You are dopey. (Int -2) [Xom's grace]
  5809 | Sewer    | Gained mutation: You are partially covered in iridescent
                  | scales. (AC +2) [Xom's grace]
  5809 | Sewer    | Gained mutation: You passively map a small area around you.
                  | [Xom's grace]
  6259 | Sewer    | XOM: 5-stop teleportation journey
  6719 | D:3      | XOM: noise
  6797 | D:3      | Found a blossoming altar of Fedhas.
  7020 | D:4      | Found a staircase to the Ecumenical Temple.
  7209 | D:4      | XOM: enchant monster (bad)
  7209 | D:4      | HP: 2/55 [scorpion (4)]
  7211 | D:4      | XOM: potion effect (curing)
  7487 | D:4      | XOM: give mutation
  7487 | D:4      | Gained mutation: You are strong-willed. (Will+) [Xom's
                  | mischief]
  7516 | D:4      | Reached XP level 7. HP: 36/60 MP: 11/11
  7815 | D:5      | Entered Level 5 of the Dungeon
  7880 | D:5      | XOM: give mutation
  7880 | D:5      | Gained mutation: Your body sometimes deteriorates upon
                  | taking damage. [Xom's mischief]
  7890 | D:5      | Noticed Eustachio
  7892 | D:5      | XOM: fog
  7928 | D:5      | Killed Eustachio
  7963 | D:5      | Noticed Edmund
  7973 | D:5      | Killed Edmund
  8092 | D:5      | XOM: smoke on damage
  8115 | D:5      | Reached XP level 8. HP: 61/67 MP: 13/13
  8154 | D:5      | XOM: 2-stop teleportation journey
  8438 | D:5      | Noticed Ijyb
  8442 | D:5      | Killed Ijyb
  8605 | D:6      | XOM: polymorph kobold -> rat
  8685 | D:6      | XOM: divination: detect creatures
  8766 | D:6      | XOM: 8-stop teleportation journey
  8777 | D:6      | XOM: blink monster(s)
  8851 | D:6      | Noticed Sigmund
  8861 | D:6      | XOM: cast spell 'Summon Ice Beast'
  8864 | D:6      | Killed Sigmund
  9294 | D:6      | XOM: give mutation
  9294 | D:6      | Lost mutation: You possess an exceptional clarity of mind.
                  | [Xom's mischief]
  9350 | D:6      | Found a runed translucent door.
  9351 | D:6      | Noticed Crazy Yiuf
  9371 | D:6      | Killed Crazy Yiuf
  9595 | D:7      | Reached XP level 9. HP: 56/74 MP: 15/15
  9595 | D:7      | XOM: blink monster(s)
  9601 | D:7      | XOM: enchant monster (good)
  9605 | D:7      | Noticed a tarantella
  9605 | D:7      | a shapeshifter changed into a tarantella
  9606 | D:7      | XOM: noise
  9606 | D:7      | a tarantella changed into a jumping spider
  9611 | D:7      | Reached skill level 5 in Dodging
  9665 | D:7      | Noticed Pikel
  9674 | D:7      | XOM: cast spell 'Summon Hydra'
  9678 | D:7      | Killed Pikel
  9679 | D:7      | Reached skill level 5 in Invocations
  9722 | D:7      | XOM: potion effect (curing)
  9735 | D:7      | XOM: noise
  9782 | D:7      | XOM: noise
  9801 | D:7      | XOM: noise
  9810 | D:7      | Learned a level 1 spell: Apportation
  9812 | D:7      | Learned a level 1 spell: Animate Skeleton
  9893 | D:7      | Found a basalt altar of Yredelemnul.
  9900 | D:7      | Noticed Prince Ribbit
  9909 | D:7      | Killed Prince Ribbit
 10006 | D:7      | Got the Almanac of the Birds and Transformation
 10010 | D:7      | XOM: noise
 10014 | D:7      | XOM: potion effect (curing)
 10026 | D:7      | Reached skill level 5 in Long Blades
 10026 | D:7      | Reached skill level 5 in Axes
 10026 | D:7      | Reached skill level 5 in Maces & Flails
 10026 | D:7      | Reached skill level 5 in Polearms
 10026 | D:7      | Reached skill level 5 in Staves
 10026 | D:7      | Reached skill level 5 in Slings
 10026 | D:7      | Reached skill level 5 in Bows
 10026 | D:7      | Reached skill level 5 in Crossbows
 10026 | D:7      | Reached skill level 5 in Throwing
 10026 | D:7      | Reached skill level 5 in Stealth
 10026 | D:7      | Reached skill level 5 in Shields
 10026 | D:7      | Reached skill level 5 in Unarmed Combat
 10026 | D:7      | Reached skill level 5 in Spellcasting
 10026 | D:7      | Reached skill level 5 in Evocations
 10087 | D:7      | Reached XP level 10. HP: 70/81 MP: 17/17
 10203 | D:7      | Noticed a two-headed ogre
 10211 | D:7      | Mangled by a two-headed ogre

Illustrated notes

Levels and vault maps discovered:
D:1:      roderic_crop_circles_arrival_small, layout_rooms,
          hellmonk_ecumenical_altar_inner_sanctum, minmay_distorted
D:2:      layout_loops_cross, basic_altar
D:3:      layout_basic, fedhas_altar_1, lightli_sewer_entry_pipes,
          kennysheep_generic_room_5, uniq_jessica
D:4:      layout_basic, minmay_temple_entry_overgrown, minmay_rat_hole
D:5:      layout_basic, uniq_eustachio, uniq_ijyb, uniq_edmund
D:6:      layout_layer_cave, uniq_sigmund, uniq_crazy_yiuf_cottage
D:7:      minmay_skewed_foursquare, layout_basic, gammafunk_ghost_cemetery,
          st_stairs_4, grunt_ministairs_11, minmay_ruined_shrine,
          uniq_prince_ribbit1, uniq_pikel

Skill      XL: |  1  2  3  4  5  6  7  8  9 |
---------------+----------------------------+-----
Fighting       | 7 8 |  8.3
Short Blades   | 7 8 |  8.3
Long Blades    | 2 3 4 5 |  5.0
Axes           | 2 3 4 5 |  5.0
Maces & Flails | 2 3 4 5 |  5.0
Polearms       | 2 3 4 5 |  5.0
Staves         | 2 3 4 5 |  5.0
Slings         | 2 3 4 5 |  5.0
Bows           | 2 3 4 5 |  5.0
Crossbows      | 2 3 4 5 |  5.0
Throwing       | 2 3 4 5 |  5.0
Armour         | 5 6 |  6.9
Dodging        | 3 4 5 |  5.7
Stealth        | 2 3 4 5 |  5.0
Shields        | 2 3 4 5 |  5.0
Unarmed Combat | 2 3 4 5 |  5.0
Spellcasting   | 2 3 4 5 |  5.0
Conjurations   | 1 2 3 4 |  4.1
Hexes          | 1 2 3 4 |  4.1
Summonings     | 1 2 3 4 |  4.1
Necromancy     | 1 2 3 4 |  4.1
Translocations | 1 2 3 4 |  4.1
Transmutations | 1 2 3 4 |  4.1
Fire Magic     | 1 2 3 4 |  4.1
Ice Magic      | 1 2 3 4 |  4.1
Air Magic      | 1 2 3 4 |  4.1
Earth Magic    | 1 2 3 4 |  4.1
Poison Magic   | 1 2 3 4 |  4.1
Invocations    | 2 3 4 5 |  5.5
Evocations     | 2 3 4 5 |  5.0

Action                   |  1- 3 |  4- 6 |  7- 9 | 10-12 || total
-------------------------+-------+-------+-------+-------++-------
Melee: Short sword       |   127 |   268 |   251 |       ||   646
       Bite              |    11 |    24 |    39 |       ||    74
       Punch             |       |    10 |    13 |       ||    23
       Headbutt          |       |       |     1 |       ||     1
       Quarterstaff      |       |       |   116 |     8 ||   124
Throw: Dart              |       |       |     5 |       ||     5
 Cast: Beastly Appendage |       |       |     1 |       ||     1
  Use: Potion            |       |     3 |       |       ||     3
 Stab: Sleeping          |     1 |     5 |     1 |       ||     7
       Paralysed         |     1 |       |     1 |       ||     2
       Confused          |     1 |       |       |       ||     1
Armor: Leather armour    |    40 |    73 |   276 |     2 ||   391
Dodge: Dodged            |    73 |   113 |   363 |     3 ||   552
